 Dungeon Crawl Stone Soup version 0.21.1-1-g345015f (webtiles) character file.

78 toffzen the Conjurer (level 4, -6/24 HPs)
             Began as a Deep Elf Conjurer on Mar 21, 2018.
             Killed from afar by toffzen's ghost (9 damage)
             ... with a magic dart
             ... on level 3 of the Dungeon.
             The game lasted 00:05:56 (2759 turns).

toffzen the Conjurer (Deep Elf Conjurer)            Turns: 2759, Time: 00:05:57

Health: -6/24      AC:  2    Str:  5    XL:     4   Next: 15%
Magic:  9/12       EV: 13    Int: 21    God:
Gold:   177        SH:  0    Dex: 15    Spells: 8/11 levels left

rFire    + . .     SeeInvis .   e - +0 dagger
rCold    + . .     Gourm    .   (no shield)
rNeg     . . .     Faith    .   a - +0 robe
rPois    .         Spirit   .   (no helmet)
rElec    .         Reflect  .   i - scarf {rC+ rF+}
rCorr    .         Harm     .   (no gloves)
MR       .....                  (no boots)
Stlth    ++........             (no amulet)
HPRegen  0.08/turn              (no ring)
MPRegen  0.13/turn              (no ring)

@: no status effects
A: no striking features
a: no special abilities


You were on level 3 of the Dungeon.
You were not hungry.

You visited 1 branch of the dungeon, and saw 3 of its levels.

You collected 177 gold pieces.

Inventory:

Hand Weapons
 e - a +0 dagger (weapon)
Missiles
 d - 90 stones (quivered)
Armour
 a - a +0 robe (worn)
 i - a scarf of resistance (worn)
 p - +0 acid dragon scales
Jewellery
 r - an uncursed ring of flight {unknown}
Scrolls
 g - a scroll of enchant armour {unknown}
 h - a scroll of immolation {unknown}
 j - a scroll of teleportation {unknown}
 l - 3 scrolls of remove curse {unknown}
 m - a scroll of amnesia {unknown}
 n - 2 scrolls of random uselessness {unknown}
 o - a scroll of magic mapping {unknown}
Potions
 f - a potion of agility {unknown}
 k - a potion of flight {unknown}
 q - a potion of curing {unknown}
 s - a potion of brilliance {unknown}
Books
 b - a book of Conjurations

   Spells                             Type                      Level
   a - Magic Dart                     Conjuration                  1
   b - Searing Ray                    Conjuration                  2
   c - Dazzling Spray                 Conjuration/Hexes            3
   d - Fulminant Prism                Conjuration/Hexes            4
   e - Force Lance                    Conjuration/Translocation    4
   f - Iskenderun's Mystic Blast      Conjuration                  4
Comestibles
 c - 2 rations


   Skills:
 + Level 2.7 Dodging
 - Level 2.4 Stealth
 + Level 4.1 Spellcasting
 * Level 5.6 Conjurations


You had 8 spell levels left.
You knew the following spells:

 Your Spells              Type           Power        Failure   Level  Hunger
a - Magic Dart            Conj           ####         1%          1    None
b - Searing Ray           Conj           ####..       1%          2    #......


Dungeon Overview and Level Annotations

Branches:
Dungeon (3/15)

Altars:

Annotations:
D:3 Jessica; toffzen's ghost, amateur GnWn


Message History

You hear the rapid rusting of a very distant drain.
Toffzen's ghost casts a spell at you. The magic dart hits you!
There is a stone staircase leading up here.
Casting: Magic Dart
Confirm with . or Enter, or press ? or * to list all spells.
Aiming: Searing Ray
Press: ? - help, Shift-Dir - straight line, f - toffzen's ghost
Aim: toffzen's ghost The searing ray misses toffzen's ghost. (Press . to maintain the ray.) Toffzen's ghost gestures at you while chanting.
The magic dart hits you!
The searing ray misses toffzen's ghost.
Toffzen's ghost gestures at you while chanting.
The magic dart hits you!
* * * LOW HITPOINT WARNING * * *
Toffzen's ghost gestures at you while chanting.
The magic dart hits you!
You die...

## #. ##. ÷.. ###..
.. ... .÷ #.#
####)#### ######@#
#.......# #....(.#
#.......# #.W....#
........###.....##
#......<..†÷###.#
#.......)[#..##)#
#.......#.....)(#
#####.......$...###
######.gg.#.(.###


You could see toffzen's ghost.

Vanquished Creatures
  Robin (D:3)
  A worm (D:2)
  A dart slug (D:1)
  A leopard gecko (D:2)
  6 bats
  3 giant cockroaches (D:2)
  11 goblins
  10 hobgoblins
  4 jackals (D:2)
  5 frilled lizards
  5 kobolds (D:1)
  7 rats
55 creatures vanquished.

Notes
Turn   | Place    | Note
-------+----------+-------------------------------------------
     0 | D:1      | toffzen the Deep Elf Conjurer began the quest for the Orb.
     0 | D:1      | Reached XP level 1. HP: 10/10 MP: 6/6
   264 | D:1      | Reached XP level 2. HP: 15/15 MP: 6/8
   372 | D:1      | Learned a level 2 spell: Searing Ray
   501 | D:1      | Reached skill level 5 in Conjurations
  1384 | D:2      | Reached XP level 3. HP: 19/19 MP: 5/10
  2243 | D:3      | Noticed Robin
  2475 | D:3      | Killed Robin
  2475 | D:3      | Reached XP level 4. HP: 16/24 MP: 6/12
  2488 | D:3      | Noticed Jessica
  2684 | D:3      | Noticed toffzen's ghost (amateur GnWn)
  2759 | D:3      | Killed from afar by toffzen's ghost

Skill      XL: |  1  2  3 |
---------------+----------+-----
Conjurations   | 5 |  5.6
Spellcasting   | 4 |  4.1
Dodging        | |  2.7
Stealth        | |  2.4

Action                   |  1- 3 |  4- 6 || total
-------------------------+-------+-------++-------
Melee: Unarmed           |     1 |       ||     1
       Dagger            |     3 |       ||     3
 Cast: Magic Dart        |    94 |     9 ||   103
       Searing Ray       |     2 |     1 ||     3
  Eat: Chunk             |     5 |       ||     5
Armor: Robe              |     8 |     2 ||    10
Dodge: Dodged            |    20 |     3 ||    23
